Map: Triton LE

Players

TIME (Oliveira) - Winner!

  • Race: Terran Terran
  • League: Master
  • Spawn Location: 11:00

JimRising

  • Race: Zerg Zerg
  • League: Grandmaster
  • Spawn Location: 5:00

Event: NationWars 2019

VOD

Have the link to the VOD?

Description

Time

  • Played on: Nov. 17, 2019, 12:23 p.m.
  • Length: 17:15
Show
View Real Time Build Order
Export as new Build Order

TIME Terran - Winner!

Build Orders: Liberator Opening, Reaper Expand 

Get SALT Encoding   

  12  0:01  SCV  
  13  0:13  SCV  
  14  0:18  Supply Depot  
  14  0:25  SCV  
  15  0:40  SCV  
  15  0:42  Barracks  
  16  0:44  Refinery  
  16  0:52  SCV  
  17  1:04  SCV  
  18  1:16  SCV  
  19  1:31  Orbital Command, Reaper  
  20  1:41  Command Center  
  20  1:52  Supply Depot  
  20  1:57  SCV  
  21  2:03  Marine  
  22  2:09  SCV  
  22  2:11  Factory  
  22  2:14  Refinery  
  23  2:21  SCV  
  24  2:23  Barracks Reactor  
  24  2:33  SCV  
  25  2:45  SCV  
  26  2:53  Orbital Command  
  26  2:56  Starport  
  26  2:57  SCV  
  27  3:04  Hellion x2  
  31  3:09  SCV  
  31  3:10  Barracks Tech Lab  
  32  3:19  Liberator, SCV  
  33  3:21  SCV  
  33  3:23  Supply Depot  
  33  3:25  Hellion  
  36  3:30  Hellion  
  36  3:31  SCV  
  36  3:34  SCV  
  43  3:43  SCV  
  43  3:46  SCV  
  44  3:50  Supply Depot, Hellion  
  44  3:52  Hellion  
  44  3:53  Marine  
  44  3:55  SCV  
  50  3:58  SCV  
  50  4:02  Liberator  
  51  4:07  SCV  
  52  4:14  Supply Depot, Hellion x2  
  52  4:15  SCV  
  57  4:20  SCV  
  61  4:27  SCV  
  62  4:33  Command Center  
  62  4:34  Stimpack  
  62  4:35  SCV  
  63  4:40  Supply Depot  
  63  4:41  Marine  
  63  4:42  SCV  
  65  4:45  Factory Tech Lab  
  65  4:50  Barracks  
  65  4:52  SCV  
  66  4:53  Barracks  
  66  4:56  SCV  
  66  4:58  Marine  
  68  5:04  SCV  
  69  5:08  SCV  
  69  5:13  Starport Reactor  
  62  5:16  SCV, Siege Tank, Marine  
  62  5:19  Engineering Bay  
  62  5:20  SCV  
  64  5:22  Engineering Bay, Refinery  
  64  5:28  SCV  
  64  5:31  Refinery  
  64  5:32  SCV  
  64  5:34  Marine  
  63  5:40  Barracks  
  63  5:41  Barracks, SCV  
  63  5:42  Marine x2  
  63  5:45  SCV  
  64  5:53  Orbital Command, Terran Infantry Armor Level 1, Terran Infantry Weapons Level 1, SCV  
  64  5:55  Marine  
  64  5:56  Starport Reactor  
  66  5:59  Marine x2  
  66  6:00  Marine x2  
  66  6:01  SCV  
  70  6:05  SCV, Siege Tank  
  74  6:13  Combat Shield, Marine  
  74  6:17  Missile Turret, Marine x2  
  74  6:18  Orbital Command  
  77  6:19  Missile Turret  
  77  6:21  SCV x2, Marine  
  80  6:25  Marine  
  80  6:29  Barracks Reactor x2  
  82  6:33  SCV  
  82  6:35  Marine  
  82  6:36  Missile Turret  
  82  6:37  Marine  
  82  6:38  Medivac x2  
  89  6:42  Siege Tank  
  89  6:44  SCV  
  93  6:47  SCV  
  93  6:50  Supply Depot  
  93  6:51  Supply Depot  
  93  6:53  Armory  
  93  6:59  Marine  
  93  7:01  SCV  
  93  7:11  Supply Depot, SCV x2, Marine x5  
  93  7:12  Supply Depot  
  93  7:13  SCV  
  93  7:15  Supply Depot, Marine x2  
  103  7:17  Siege Tank  
  103  7:19  Marine x2  
  107  7:23  SCV x2  
  107  7:29  Marine  
  109  7:33  Medivac x2, Marine x4  
  117  7:47  SCV x3, Marine x3  
  124  7:51  Marine  
  124  7:52  Refinery  
  124  7:53  Factory, Refinery  
  124  7:57  Terran Infantry Weapons Level 2  
  124  7:58  Marine x3  
  125  8:02  SCV  
  125  8:04  Supply Depot  
  125  8:05  Supply Depot  
  125  8:25  SCV x2, Marine x2  
  125  8:26  Command Center  
  129  8:29  Marine  
  129  8:30  Marine  
  129  8:32  Marine x2  
  129  8:33  SCV  
  134  8:34  Marine  
  134  8:37  Marine  
  134  8:38  Marine  
  133  8:42  Terran Vehicle And Ship Armor Level 1  
  133  8:43  SCV x2, Marine  
  133  8:48  Marine  
  135  8:49  Supply Depot x2  
  135  8:51  Terran Infantry Armor Level 2  
  135  8:54  Factory Tech Lab, Starport Reactor  
  128  8:56  SCV x2  
  128  8:58  Marine  
  128  8:59  Marine  
  128  9:00  Marine  
  133  9:03  Marine x2  
  133  9:04  Marine x3  
  133  9:05  SCV  
  133  9:06  Marine  
  133  9:08  SCV, Factory Reactor  
  137  9:13  SCV  
  137  9:16  Marine  
  137  9:17  Marine x2  
  130  9:18  SCV  
  130  9:20  SCV  
  130  9:21  Thor, Marine x2  
  130  9:22  Marine  
  143  9:25  SCV  
  143  9:27  Barracks, Marine  
  143  9:29  Barracks x2  
  145  9:32  Marine x2  
  145  9:34  Medivac  
  145  9:35  Sensor Tower  
  145  9:37  Medivac  
  150  9:39  Marine  
  150  9:44  SCV  
  152  9:46  Marine x2  
  152  9:47  Marine  
  152  9:50  Marine x2  
  152  9:52  Widow Mine x2  
  160  9:54  SCV  
  160  9:59  Supply Depot  
  159  10:05  SCV, Marine  
  159  10:06  Supply Depot x2  
  160  10:09  Thor  
  160  10:13  Marine x3  
  169  10:15  Barracks Tech Lab  
  169  10:17  Barracks Tech Lab x2  
  169  10:21  Widow Mine  
  171  10:24  Marine x3  
  164  10:28  Marine x2  
  164  10:30  Medivac x2, Widow Mine  
  170  10:36  Missile Turret  
  170  10:39  Marine  
  170  10:42  Marauder x4, Concussive Shells  
  179  10:47  Planetary Fortress  
  179  10:52  Terran Infantry Weapons Level 3, Drilling Claws  
  179  10:59  Supply Depot x2  
  179  11:05  Terran Vehicle And Ship Armor Level 2  
  179  11:09  Supply Depot x3  
  179  11:15  Terran Infantry Armor Level 3  
  179  11:21  Marauder x3, Widow Mine  
  187  11:28  Command Center  
  187  11:30  Missile Turret  
  187  11:32  Marauder  
  189  11:35  Marine  
  189  11:38  Marine x2  
  187  11:42  Thor, Marauder  
  187  11:43  Widow Mine  
  187  11:44  Marine x2  
  187  11:46  Marine  
  194  11:49  Marine  
  194  11:51  Marine x2  
  190  11:55  Marine  
  190  12:00  Sensor Tower  
  191  12:01  Marine x2  
  191  12:03  Medivac x2, Widow Mine  
  191  12:06  Marine  
  185  12:39  SCV, Marine  
  185  12:40  Marine  
  185  12:43  Supply Depot  
  188  12:44  Supply Depot  
  188  12:51  Marauder x2, Marine x4  
  196  12:55  Marine x2  
  196  12:56  Marauder  
  193  13:07  Marauder, Marine x2  
  193  13:08  Widow Mine  
  193  13:09  Marine  
  200  13:16  Planetary Fortress  
  200  13:18  Missile Turret, SCV  
  200  13:19  Missile Turret  
  194  13:20  SCV  
  194  13:24  Marine x3  
  194  13:25  Marauder  
  200  13:28  Marine  
  200  13:30  Marine x2  
  200  13:31  Marauder  
  200  13:32  Marine x2  
  200  13:33  Marauder  
  200  13:34  Medivac x2, Widow Mine  
  196  13:35  Widow Mine  
  185  13:41  Marine  
  185  13:44  Marine x3  
  185  13:46  Marauder, Marine  
  185  13:48  Marine  
  191  13:52  Marauder  
  191  13:56  Marine x3  
  191  13:57  SCV x2  
  191  13:58  SCV x2  
  192  14:07  Marauder x2  
  192  14:09  Widow Mine  
  171  14:12  Marine x2  
  171  14:13  Marauder  
  171  14:16  Medivac, Marine x2  
  175  14:19  SCV  
  175  14:22  Marine  
  175  14:23  Marauder  
  177  14:30  Marauder, Marine x3  
  168  14:39  Marine  
  168  14:41  Marine  
  168  14:42  Marauder  
  150  14:45  Marine x2  
  150  14:46  Marauder, Widow Mine  
  150  14:47  Widow Mine  
  150  14:50  Marine x2  
  150  14:51  Widow Mine  
  141  14:55  Marine x3  
  141  14:57  SCV  
  144  15:01  Medivac  
  144  15:08  Widow Mine x2  
  144  15:10  SCV x3  
  144  15:13  Widow Mine  
  152  15:14  Marine  
  152  15:15  Marauder x2  
  152  15:18  Marine x2  
  152  15:22  SCV  
  152  15:25  Marine  
  152  15:26  Marine  
  144  15:29  Widow Mine  
  144  15:32  Marine  
  141  15:36  Marine x3  
  141  15:37  SCV, Marauder, Widow Mine  
  141  15:38  SCV, Marine  
  141  15:42  Refinery x2  
  151  15:49  Marine x2  
  134  15:50  Marauder  
  134  15:51  Widow Mine  
  134  15:52  SCV x3  
  134  15:54  Widow Mine  
  134  15:55  Marine x2  
  134  15:56  Marauder  
  134  15:57  Marine  
  148  15:58  SCV  
  148  16:02  Marine  
  149  16:08  Marauder, Marine x3  
  149  16:10  Widow Mine  
  156  16:15  SCV  
  156  16:18  SCV  
  144  16:20  Marine x2  
  144  16:21  Marauder  
  144  16:25  Marauder, Marine x2  
  143  16:26  SCV  
  143  16:28  Marine x2  
  143  16:30  SCV  
  143  16:32  Widow Mine  
  142  16:34  Widow Mine  
  142  16:35  Marine  
  142  16:39  Marine x2, Widow Mine  
  149  16:43  Marine  
  149  16:44  Marauder  
  149  16:51  Marine  
  146  16:55  Marine x2  
Show
View Real Time Build Order
Export as new Build Order

JimRising Zerg 

Build Orders: Hatch First, Muta Ling Bane 

Get SALT Encoding   

  12  0:00  Drone  
  13  0:12  Overlord  
  13  0:20  Drone  
  14  0:31  Drone x2  
  16  0:50  Hatchery  
  16  0:53  Drone  
  16  0:56  Drone  
  17  0:59  Drone  
  18  1:10  Extractor  
  17  1:15  Spawning Pool  
  16  1:19  Drone  
  16  1:21  Drone  
  18  1:29  Drone  
  19  1:38  Overlord  
  19  2:01  Queen  
  19  2:02  Zergling x2  
  19  2:03  Zergling x2, Queen  
  19  2:05  Drone  
  26  2:11  Drone, Metabolic Boost  
  26  2:14  Drone  
  28  2:22  Drone  
  29  2:23  Drone  
  30  2:33  Drone  
  30  2:37  Drone  
  32  2:42  Queen  
  32  2:43  Queen  
  35  2:48  Overlord  
  35  2:52  Overlord  
  35  3:10  Drone x3  
  35  3:11  Drone  
  39  3:14  Drone x3  
  39  3:15  Drone x3  
  39  3:18  Drone  
  46  3:22  Drone  
  47  3:33  Drone x2  
  49  3:40  Hatchery  
  49  3:41  Queen  
  50  3:50  Lair  
  50  3:51  Overlord  
  50  3:52  Overlord  
  50  3:59  Extractor  
  50  4:00  Zergling x4, Extractor  
  50  4:02  Overlord  
  50  4:03  Drone  
  51  4:11  Drone  
  51  4:12  Drone x3  
  51  4:13  Extractor  
  51  4:14  Drone  
  55  4:19  Queen  
  55  4:24  Zergling x2  
  58  4:25  Drone  
  59  4:34  Drone x3  
  59  4:36  Spine Crawler  
  61  4:41  Overlord  
  61  4:46  Spore Crawler, Drone  
  61  4:51  Spire  
  60  4:53  Drone x5  
  60  4:58  Zergling x4  
  67  5:01  Drone, Zergling x4  
  68  5:10  Zergling x2  
  68  5:11  Zergling x8  
  64  5:21  Drone  
  64  5:22  Drone x2  
  64  5:25  Drone  
  66  5:46  Drone  
  66  5:47  Drone x4  
  71  6:04  Zerg Flyer Weapons Level 1  
  71  6:05  Mutalisk x3  
  71  6:06  Mutalisk x4  
  71  6:07  Mutalisk  
  71  6:10  Extractor  
  71  6:11  Extractor  
  85  6:14  Overlord  
  85  6:19  Overlord x4  
  85  6:28  Baneling Nest  
  84  6:34  Drone  
  84  6:35  Drone x5  
  90  6:41  Mutalisk x2  
  90  6:42  Mutalisk  
  90  6:44  Drone x2  
  98  6:48  Mutalisk  
  98  6:51  Drone  
  98  6:53  Mutalisk  
  101  6:56  Zergling x10  
  108  7:01  Mutalisk  
  108  7:08  Drone x4  
  114  7:19  Mutalisk x2  
  118  7:24  Mutalisk x2  
  118  7:29  Overlord  
  122  7:32  Baneling x4  
  122  7:33  Baneling x3  
  122  7:35  Hatchery  
  122  7:36  Overlord  
  121  7:42  Zergling x2  
  116  7:58  Drone x2  
  116  7:59  Drone x5  
  116  8:00  Drone  
  116  8:01  Drone  
  116  8:03  Zerg Flyer Weapons Level 2  
  125  8:10  Zergling x4  
  125  8:11  Zergling x8  
  131  8:15  Centrifical Hooks  
  131  8:18  Drone x2  
  131  8:20  Hatchery  
  131  8:21  Mutalisk, Evolution Chamber x2  
  131  8:22  Mutalisk x3  
  131  8:25  Mutalisk  
  136  8:35  Mutalisk  
  136  8:42  Mutalisk  
  136  8:47  Overlord  
  136  8:48  Overlord  
  138  8:51  Overlord  
  138  8:52  Overlord  
  136  8:56  Mutalisk  
  136  8:57  Overlord  
  136  9:01  Zerg Melee Weapons Level 1, Zerg Ground Armor Level 1  
  126  9:18  Mutalisk x3  
  126  9:20  Drone x6  
  126  9:21  Drone x3  
  141  9:34  Mutalisk x2  
  141  9:36  Zergling x6  
  141  9:37  Zergling x10  
  153  9:39  Extractor x2  
  153  9:44  Drone x2  
  154  9:45  Drone  
  154  9:46  Drone x2  
  154  9:51  Zergling x8  
  160  9:57  Hatchery  
  160  9:58  Mutalisk x3  
  157  10:01  Zergling x8  
  161  10:07  Drone  
  161  10:11  Infestation Pit  
  161  10:13  Zergling x6  
  161  10:14  Baneling x13  
  160  10:30  Zergling x6, Overlord  
  160  10:31  Mutalisk x3  
  169  10:45  Drone x4  
  169  10:46  Drone x4, Overlord x3  
  177  10:52  Hive  
  177  10:55  Zerg Ground Armor Level 2, Zerg Melee Weapons Level 2  
  177  10:58  Baneling x4  
  177  10:59  Baneling, Overlord  
  177  11:00  Overlord  
  177  11:01  Drone  
  178  11:07  Zergling x8  
  182  11:14  Queen  
  182  11:15  Zergling x2  
  182  11:16  Zergling x26  
  199  11:25  Zergling x2  
  199  11:31  Overlord  
  198  12:07  Adrenal Glands  
  198  12:09  Extractor  
  198  12:13  Ultralisk Cavern  
  198  12:14  Extractor  
  178  12:42  Baneling x7  
  178  12:43  Zergling x14, Baneling x3  
  178  12:44  Zergling x22  
  173  13:06  Chitinous Plating  
  173  13:07  Ultralisk  
  173  13:08  Ultralisk x3  
  173  13:10  Baneling x3  
  191  13:21  Ultralisk  
  191  13:23  Zerg Melee Weapons Level 3, Zerg Ground Armor Level 3  
  176  13:36  Ultralisk x4  
  186  13:44  Zergling x2  
  186  13:45  Zergling x10  
  186  13:47  Ultralisk  
  193  13:53  Ultralisk  
  188  14:10  Ultralisk  
  188  14:14  Zergling x24  
  188  14:15  Zergling x22  
  194  14:25  Anabolic Synthesis, Zergling x10  
  199  14:35  Hatchery, Extractor  
  179  14:38  Extractor  
  179  14:40  Ultralisk x4  
  162  14:46  Ultralisk  
  162  14:47  Zergling x14  
  149  14:53  Zergling x4  
  149  14:55  Ultralisk  
  149  14:58  Zergling x6  
  147  15:04  Zergling x2  
  147  15:05  Zergling x4  
  147  15:06  Zergling x2  
  147  15:07  Zergling x2  
  145  15:08  Overseer  
  145  15:09  Zergling x2  
  134  15:19  Ultralisk x2  
  134  15:20  Zergling x2  
  134  15:21  Zergling x2  
  138  15:24  Zergling x6  
  127  15:31  Overseer x2  
  110  15:36  Zergling x2  
  110  15:37  Zergling x6  
  110  15:38  Ultralisk, Queen  
  110  15:39  Zergling x2  
  110  15:40  Zergling x2  
  110  15:42  Overseer  
  101  15:51  Zergling x8  
  101  15:52  Drone  
  104  15:58  Ultralisk  
  104  15:59  Zergling x6  
  104  16:00  Zergling x2  
  110  16:08  Ultralisk  
  110  16:09  Zergling x2  
  100  16:17  Zergling x10  
  77  16:26  Zergling x4  
  77  16:32  Ultralisk  
  78  16:35  Zergling x2  
  78  16:36  Zergling x2  
  78  16:53  Zergling x6  
Tags
 
Add a new tag
Caveats
  • Supply blocks, unpowered buildings, or Contaminate may cause inaccurate times.
  • Supply counts are checked every 10 seconds.